 Dungeon Crawl Stone Soup version 0.32-a0-35-gd9ff480968 (webtiles) character file.

Game seed: 10696205745174074802

101 cforsyth the Magician (level 5, 0/40 HPs)
             Began as a Djinni Enchanter on Jan 23, 2024.
             Slain by Grinder (1 damage)
             ... on level 3 of the Dungeon.
             The game lasted 00:04:38 (2321 turns).

cforsyth the Magician (Djinni Enchanter)            Turns: 2321, Time: 00:04:39

Health: 0/40       AC:  2    Str:  7    XL:     5   Next: 4%
Gold:   149        EV: 12    Int: 19    God:
                   SH:  0    Dex: 13

rFire   + + .        a - +1 dagger
rCold   x . .        (no shield)
rNeg    . . .        b - +0 robe
rPois   ∞            (no helmet)
rElec   .            (no cloak)
rCorr   .            (no gloves)
SInv    +            (boots unavailable)
Will    .....        (no amulet)
Stlth   ++           g - ring of see invisible
HPRegen 0.26/turn    (no ring)
MPRegen 0.00/turn

%: infuse magic (-1 HP)
@: mighty, brilliant, flying, invisible
A: sickness immunity, fire resistance 2, cold vulnerability 1, float, innate
caster, HP casting, extra vitality 1
a: no special abilities


You were on level 3 of the Dungeon.
You visited 1 branch of the dungeon, and saw 3 of its levels.

You collected 149 gold pieces.

Inventory:

Hand Weapons
 a - a +1 dagger (weapon)
Armour
 b - a +0 robe (worn)
Jewellery
 g - a ring of see invisible (left hand)
 j - a ring of protection from fire
Scrolls
 d - a scroll of noise {unknown}
 f - a scroll of identify {unknown}
 h - a scroll of revelation {unknown}
 i - a scroll of amnesia {unknown}
 l - a scroll of immolation {unknown}
Potions
 c - a potion of invisibility


   Skills:
 + Level 2.9 Fighting
 - Level 0.8 Short Blades
 - Level 2.1 Dodging
 - Level 2.4 Stealth
 + Level 3.7 Spellcasting
 + Level 3.7 Conjurations
 + Level 3.7 Hexes
 + Level 3.7 Summonings
 + Level 3.7 Necromancy
 + Level 3.7 Translocations
 + Level 3.7 Fire Magic
 + Level 3.7 Ice Magic
 + Level 3.7 Air Magic
 + Level 3.7 Earth Magic
 + Level 3.7 Alchemy


You knew the following spells:

 Your Spells              Type           Power      Damage    Failure   Level
a - Ensorcelled Hibernat  Hex/Ice        52%        N/A       4%          2
b - Confusing Touch       Hex            26%        N/A       9%          3
c - Tukima's Dance        Hex            26%        N/A       9%          3
d - Dazzling Flash        Conj/Hex       52%        N/A       9%          3
e - Sting                 Conj/Alch      100%       1d9       3%          1
f - Call Imp              Summ           52%        N/A       4%          2
Your spell library was empty.

Dungeon Overview and Level Annotations

Branches:
Dungeon (3/15)

Altars:

Annotations:
D:3 Grinder


Innate Abilities, Weirdness & Mutations

You are immune to sickness and miasma.
You are immune to poison.
Your flesh is very heat resistant. (rF++)
You are vulnerable to cold. (rC-)
You float through the air rather than walking.
You learn spells naturally, not from books.
Your magical power is your life essence.
You have superior vitality. (+4 MHP)


Message History

Aiming: Sting (safe; 3% risk of failure)
Press: ? - help, Shift-Dir - straight line, f/p - Natasha
Aim: Natasha (almost dead, very poisoned, 67% to hit)
The sting hits Natasha!
Natasha looks as sick as possible!
You kill Natasha!
Moaning pathetically, Natasha's spirit plunges into the ground.
You have reached level 5!
The power to cast Call Imp wells up from within.
Spell assigned to 'f'.
HP restored.
Grinder comes into view.
The sting hits Grinder but does no damage.
Grinder is poisoned.
Grinder shouts!
Grinder blinks!
The sting hits Grinder but does no damage.
Grinder looks even sicker.
Grinder gestures at you. You resist with significant effort.
The sting hits Grinder.
Grinder looks even sicker.
Grinder is lightly wounded.
Grinder hits you!
You writhe in agony.
The sting hits Grinder but does no damage.
Grinder looks as sick as possible!
Grinder is lightly wounded.
Grinder says, "Mostly I couldn't keep them alive."
Grinder hits you!
You writhe in agony.
* * * LOW HITPOINT WARNING * * *
It was a potion of brilliance.
You feel clever all of a sudden. Grinder gestures at you.
Pain shoots through your body!
* * * LOW HITPOINT WARNING * * *
You fade into invisibility!
Grinder barely misses you.
It was a potion of might.
You feel very mighty all of a sudden. Grinder hits you.
You die...
Grinder sighs, "Dead already?
I want a refund."

##.#.#.##
#.......#
........#
........##
.........#
########.
...(.....#
#5.......
.........# #@#
.......<.# #.#
.#######.#####.###
#.........#
######..#.# #.##.#
#.# # #.# #.#


You could see Grinder (unable to see you, very poisoned).

Vanquished Creatures
  Natasha (D:3)
  4 adders (D:2)
  A ribbon worm (D:2)
  6 endoplasms
  2 giant cockroaches
  4 goblins
  3 kobolds
  A quokka (D:1)
  4 ball pythons
  7 bats
  3 frilled lizards (D:1)
  3 rats
39 creatures vanquished.

Notes
Turn   | Place    | Note
-------+----------+-------------------------------------------
     0 | D:1      | cforsyth the Djinni Enchanter began the quest for the Orb.
     0 | D:1      | cforsyth set off with the following spells memorised:
                  | Ensorcelled Hibernation, Confusing Touch, Tukima's Dance,
                  | Dazzling Flash.
     0 | D:1      | Reached XP level 1. HP: 15/15 MP: 0/0
   364 | D:1      | Reached XP level 2. HP: 22/22 MP: 0/0
   442 | D:1      | Reached skill level 1 in Fighting
   726 | D:1      | Reached XP level 3. HP: 14/27 MP: 0/0
   726 | D:1      | Learned a level 1 spell: Sting
  1440 | D:2      | You are sucked into a shaft and drop 1 floor!
  1491 | D:2      | Reached XP level 4. HP: 30/33 MP: 0/0
  2138 | D:3      | Noticed Natasha
  2215 | D:3      | Killed Natasha
  2216 | D:3      | Reached XP level 5. HP: 17/40 MP: 0/0
  2216 | D:3      | Learned a level 2 spell: Call Imp
  2314 | D:3      | Noticed Grinder
  2319 | D:3      | HP: 1/40 [Grinder/nerve-wracking pain (8)]
  2321 | D:3      | Slain by Grinder

Illustrated notes

Levels and vault maps discovered:
D:1:      lightli_arrival_statue_moat, layout_basic
D:2:      layout_basic, grunt_ministairs_6, dreamdust_princess_bridge
D:3:      layout_loops_ring, dancing_weapons_uskayaw, uniq_jessica,
          uniq_natasha, uniq_grinder

Skill      XL: |  1  2  3 |
---------------+----------+-----
Spellcasting   | 3 |  3.7
Conjurations   | 3 |  3.7
Hexes          | 3 |  3.7
Summonings     | 3 |  3.7
Necromancy     | 3 |  3.7
Translocations | 3 |  3.7
Fire Magic     | 3 |  3.7
Ice Magic      | 3 |  3.7
Air Magic      | 3 |  3.7
Earth Magic    | 3 |  3.7
Alchemy        | 3 |  3.7
Fighting       | 1 2 |  2.9
Short Blades   | |  0.8
Dodging        | |  2.1
Stealth        | |  2.4

Action                     |  1- 3 |  4- 6 || total
---------------------------+-------+-------++-------
  Melee: Dagger            |    64 |       ||    64
   Cast: Ensorcelled Hiber |     2 |       ||     2
         Sting             |    26 |    28 ||    54
    Use: Potion            |       |     3 ||     3
   Stab: Sleeping          |     6 |       ||     6
 Armour: Robe              |    33 |    11 ||    44
  Dodge: Dodged            |    42 |     5 ||    47

Table legend: (Time is in decaauts)
 A = Elapsed time spent in this place.
 B = Non-inter-level travel time spent in this place.
 C = Inter-level travel time spent in this place.
 D = Time resting spent in this place.
 E = Time spent auto-exploring this place.
 F = Levels seen in this place.
 G = Mean time per level.
                   A        B        C        D        E       F      G
               +--------+--------+--------+--------+--------+-----+--------+
         Total |   2318 |   2225 |     93 |     62 |   1863 |   3 |  772.7 |
       Dungeon |   2318 |   2225 |     93 |     62 |   1863 |   3 |  772.7 |
               +--------+--------+--------+--------+--------+-----+--------+

Top non-repeatable levels by time:
     D:1: 1223 daAuts
     D:2: 953 daAuts
     D:3: 140 daAuts
